 Dungeon Crawl Stone Soup version 0.31-a0-426-g3a05650e59 (webtiles) character file.

Game seed: 5906645258029530060

14 shadowstone the Vexing (level 2, 0/16 HPs)
             Began as a Kobold Hexslinger on July 30, 2023.
             Slain by a hobgoblin (3 damage)
             ... on level 2 of the Dungeon.
             The game lasted 00:02:10 (441 turns).

shadowstone the Vexing (Kobold Hexslinger)           Turns: 441, Time: 00:02:10

Health: 0/16       AC:  2    Str:  5    XL:     2   Next: 60%
Magic:  2/3        EV: 15    Int: 14    God:
Gold:   15         SH:  0    Dex: 17    Spells: 2/3 levels left

rFire   . . .        a - +1 sling
rCold   . . .        (no shield)
rNeg    . . .        c - +0 robe
rPois   .            (no helmet)
rElec   .            (no cloak)
rCorr   .            (no gloves)
SInv    .            (no boots)
Will    .....        (no amulet)
Stlth   +++          (no ring)
HPRegen 0.22/turn    (no ring)
MPRegen 0.08/turn

%: no passive effects
@: no status effects
A: small, no large weapons, nightstalker 3
a: no special abilities


You were on level 2 of the Dungeon.
You visited 1 branch of the dungeon, and saw 2 of its levels.

You collected 15 gold pieces.

Inventory:

Hand Weapons
 a - a +1 sling (weapon)
Armour
 c - a +0 robe (worn)
Jewellery
 g - a ring of ice
Scrolls
 b - a scroll of poison
 e - a scroll of vulnerability {unknown}
 f - 2 scrolls of enchant armour {unknown}
 h - a scroll of blinking {unknown}
 j - a scroll of identify {unknown}
Potions
 d - a potion of curing {unknown}
 i - a potion of magic {unknown}


   Skills:
 + Level 1.4 Fighting
 + Level 2.9 Ranged Weapons
 + Level 2.4 Dodging
 + Level 1.1 Spellcasting
 + Level 3.5 Hexes


You had 2 spell levels left.
You knew the following spells:

 Your Spells              Type           Power      Damage    Failure   Level
a - Slow                  Hex            40%        N/A       6%          1

Your spell library contained the following spells:

 Spells                   Type           Power      Damage    Failure   Level
 Inner Flame              Hex/Fire       5%         N/A       36%         3
 Portal Projectile        Hex/Tloc       10%        N/A       36%         3
 Cause Fear               Hex            5%         N/A       52%         4
 Ozocubu's Armour         Ice            0%         N/A       61%         3
 Metabolic Englaciation   Hex/Ice        2%         N/A       98%         5
 Simulacrum               Ice/Necr       0%         N/A       100%        6


Dungeon Overview and Level Annotations

Branches:
Dungeon (2/15)

Altars:


Innate Abilities, Weirdness & Mutations

You are small and have problems with some larger weapons.
You are completely attuned to the shadows.


Message History

The hobgoblin closely misses you.
Casting: Slow (safe; 6% risk of failure)
Confirm with . or Enter, or press ? or * to list all spells.
Aiming: Slow (safe; 6% risk of failure)
Press: ? - help, Shift-Dir - straight line, f/p - kobold
Aim: a kobold, wielding a +0 dagger and quivering stones (severely wounded, chance to affect: 62%)
The kobold resists with significant effort.
The hobgoblin closely misses you.
The kobold throws a stone.
The stone barely misses you.
Unknown command.
You shoot a sling bullet. The sling bullet hits the hobgoblin.
The hobgoblin is severely wounded.
The kobold throws a stone.
The stone barely misses you. The hobgoblin hits you.
The hobgoblin hits you but does no damage.
The kobold hits you with a +0 dagger.
You are too injured to fight recklessly!
You are too injured to fight recklessly!
You are too injured to fight recklessly!
You are too injured to fight recklessly!
You are too injured to fight recklessly!
You are too injured to fight recklessly!
You are too injured to fight recklessly!
You shoot a sling bullet.
The sling bullet barely misses the kobold.
The sling bullet hits the kobold.
The kobold is moderately wounded.
The kobold barely misses you. The hobgoblin hits you.
You shoot a sling bullet.
The sling bullet hits the kobold but does no damage.
The kobold is moderately wounded.
The kobold hits you with a +0 dagger.
* * * LOW HITPOINT WARNING * * *
The kobold hits you with a +0 dagger.
* * * LOW HITPOINT WARNING * * *
The hobgoblin closely misses you.
You shoot a sling bullet.
The sling bullet closely misses the kobold.
The kobold hits you but does no damage. The hobgoblin closely misses you.
The kobold barely misses you. The hobgoblin hits you.
You die...

###+#+## #.......
#......# #.......
#......#### #.......
#.........###..g....
#...........'.@K....
#......###.##..K....
#......# #..........
#......# ##.........
#......####+##+#####
######.........#
#..........
#.....<....
#..........


You could see a hobgoblin and 2 kobolds.

Vanquished Creatures
  A dart slug (D:1)
  A bat (D:1)
  2 endoplasms (D:1)
  2 goblins (D:1)
  2 hobgoblins (D:1)
  A quokka (D:1)
  A kobold (D:1)
10 creatures vanquished.

Notes
Turn   | Place    | Note
-------+----------+-------------------------------------------
     0 | D:1      | shadowstone the Kobold Hexslinger began the quest for the
                  | Orb.
     0 | D:1      | Reached XP level 1. HP: 12/12 MP: 2/2
   175 | D:1      | Reached XP level 2. HP: 10/16 MP: 0/3
   441 | D:2      | Slain by a hobgoblin

Illustrated notes

Levels and vault maps discovered:
D:1:      sevenhm_arrival_forest_fort_small_5, layout_basic, serial_shops, shop,
          chequers_serial_rivers_room_a
D:2:      layout_basic

Action                     || total
---------------------------++-------
   Fire: Sling             ||    29
   Cast: Slow              ||     6
 Armour: Robe              ||     6
  Dodge: Dodged            ||    42

Table legend: (Time is in decaauts)
 A = Elapsed time spent in this place.
 B = Non-inter-level travel time spent in this place.
 C = Inter-level travel time spent in this place.
 D = Time resting spent in this place.
 E = Time spent auto-exploring this place.
 F = Levels seen in this place.
 G = Mean time per level.
                   A        B        C        D        E       F      G
               +--------+--------+--------+--------+--------+-----+--------+
         Total |    451 |    451 |      0 |     38 |    139 |   2 |  225.5 |
       Dungeon |    451 |    451 |      0 |     38 |    139 |   2 |  225.5 |
               +--------+--------+--------+--------+--------+-----+--------+

Top non-repeatable levels by time:
     D:1: 402 daAuts
     D:2: 49 daAuts
